 Dungeon Crawl Stone Soup version 0.27.0-1-g7a089689b8 (webtiles) character file.

Game seed: 10828941509288839289

795 Tiocfaidh the Sneak (level 7, -2/58 HPs)
             Began as a Red Draconian Brigand on Aug 3, 2021.
             Was an Initiate of Ashenzari.
             Slain by Crazy Yiuf (7 damage)
             ... on level 4 of the Dungeon on Aug 4, 2021.
             The game lasted 00:32:06 (4133 turns).

Tiocfaidh the Sneak (Red Draconian Brigand)         Turns: 4133, Time: 00:32:07

Health: -2/58      AC:  8    Str: 13    XL:     7   Next: 58%
Magic:  7/7        EV: 12    Int: 11    God:    Ashenzari [......]
Gold:   148        SH:  4    Dex: 18    Spells: 6/6 levels left

rFire    + . .     SeeInvis +   t - +0 mace of Defiance {vamp, +Rage rPois Dex+3}
rCold    . . .     Faith    +   k - +0 buckler
rNeg     . . .     Spirit   .   (armour unavailable)
rPois    +         Reflect  .   (helmet restricted)
rElec    .         Harm     .   b - +0 cloak
rCorr    .         Rampage  .   p - +0 pair of gloves
Will     .....                  (no boots)
Stlth    +++.......             o - amulet of faith
HPRegen  0.19/turn              m - ring of see invisible
MPRegen  0.10/turn              n - +4 ring of slaying

@: no status effects
A: breathe fire, AC +6, unfitting armour, fire resistance 1, cold-blooded
a: Breathe Fire, Renounce Religion, Evoke Berserk Rage


You were on level 4 of the Dungeon.
You worshipped Ashenzari.
Ashenzari was noncommittal.
You visited 2 branches of the dungeon, and saw 5 of its levels.
You also visited: Sewer.

You collected 148 gold pieces.

Inventory:

Hand Weapons
 j - a +2 vorpal dagger
 t - the +0 mace of Defiance (weapon) {vamp, +Rage rPois Dex+3}
   (You found it on level 4 of the Dungeon)

   It occasionally heals its wielder for a portion of the damage dealt when it
   wounds a living foe.
   Dex:       It affects your dexterity (+3).
   rPois:     It protects you from poison.
   +Rage:     It lets you go berserk.
Missiles
 c - 27 poisoned darts (quivered)
 d - 2 curare-tipped darts
Armour
 b - a +0 cloak (worn)
 k - a +0 buckler (worn)
 p - a +0 pair of gloves (worn)
Jewellery
 g - a ring of positive energy
 m - a ring of see invisible (left hand)
 n - a +4 ring of slaying (right hand)
 o - an amulet of faith (around neck)
 q - an amulet of magic regeneration
Scrolls
 e - 4 scrolls of identify
 f - a scroll of amnesia
 h - a scroll of magic mapping
 i - a scroll of enchant weapon
 r - a scroll of teleportation
Potions
 l - 7 potions of curing
 s - 5 potions of flight


   Skills:
 + Level 3.7 Fighting
 + Level 4.5 Short Blades
 + Level 3.2 Throwing
 + Level 2.9 Dodging
 + Level 6.1 Stealth
 + Level 1.2 Shields


You had 6 spell levels left.
You didn't know any spells.
Your spell library was empty.

Dungeon Overview and Level Annotations

Branches:
Dungeon (4/15)             Temple (1/1) D:4           Sewer (visited)

Altars:
Ashenzari
Cheibriados
Gozag
Hepliaklqana
Kikubaaqudgha
Makhleb
Nemelex Xobeh
Okawaru
Qazlal
Ru
Trog
Uskayaw
Vehumet
Wu Jian
Xom
Yredelemnul
Zin
The Shining One

Shops:
D:2 :

Annotations:
D:4 Crazy Yiuf


Innate Abilities, Weirdness & Mutations

You can breathe blasts of fire.
Your fiery red scales are hard. (AC +6)
You cannot fit into any form of body armour.
Your flesh is heat resistant. (rF+)
You are cold-blooded and may be slowed by cold attacks.


Message History

You hit the fungus.
The fungus is lightly damaged.
A nearby fungus withers and dies.
You hit the fungus.
The fungus begins to die.
The fungus is lightly damaged.
Found a +0 mace.
Found a runed translucent door.
You open the door.
Crazy Yiuf hits you with a +2 quarterstaff of chaos.
You are electrocuted!
There is an open translucent door here.
You thump Crazy Yiuf!
You feel better.
Crazy Yiuf is heavily wounded.
Crazy Yiuf hits you with a +2 quarterstaff of chaos.
You hit Crazy Yiuf but do no damage.
Crazy Yiuf is heavily wounded.
Crazy Yiuf cries, "Spliff toodlewoodle broken!"
Crazy Yiuf hits you with a +2 quarterstaff of chaos.
Crazy Yiuf closely misses you.
You barely miss Crazy Yiuf.
Crazy Yiuf is heavily wounded.
Crazy Yiuf hits you with a +2 quarterstaff of chaos!
Crazy Yiuf burns you.
You thump Crazy Yiuf! You tail-slap Crazy Yiuf.
Crazy Yiuf is almost dead.
Crazy Yiuf hits you with a +2 quarterstaff of chaos!
* * * LOW HITPOINT WARNING * * *
You are lethally poisoned!
Crazy Yiuf hits you with a +2 quarterstaff of chaos.
* * * LOW HITPOINT WARNING * * *
You feel yourself slow down. Crazy Yiuf freezes you.
* * * LOW HITPOINT WARNING * * *
You feel better.
Crazy Yiuf waves his quarterstaff at you.
Crazy Yiuf hits you with a +2 quarterstaff of chaos.
* * * LOW HITPOINT WARNING * * *
Crazy Yiuf freezes you.
* * * LOW HITPOINT WARNING * * *
You feel yourself speed up.
Crazy Yiuf hits you with a +2 quarterstaff of chaos!
You die...

#.##. ####. ##⌠#.
#.#... ##..#.._
#######....#... ####
###.#..#.##.>####
#...##..#.P#))).....#
#...g@####PP))......#
#)..### ##P#)).....#
#### ####......#
#.....(## #........
### ###...<.... #.#
#.......... #.#
#.###......
#.####.####.....


You could see Crazy Yiuf.

Vanquished Creatures
  Menkaure (D:4)
  A black bear (D:4)
  3 ogres (D:4)
  A kobold brigand (Sewer)
  Terence (D:2)
  4 hound skeletons (D:4)
  7 adders
  2 river rats (Sewer)
  An adder skeleton (D:4)
  3 worms (D:2)
  3 dart slugs
  4 orcs
  5 bats
  9 endoplasms
  4 giant cockroaches
  7 goblins
  10 hobgoblins
  A jackal (Sewer)
  8 kobolds
  5 quokkas
  13 ball pythons
  A frilled lizard (D:2)
  9 rats
103 creatures vanquished.

Vanquished Creatures (others)
  2 fungi (D:4)
2 creatures vanquished.

Grand Total: 105 creatures vanquished

Notes
Turn   | Place    | Note
-------+----------+-------------------------------------------
     0 | D:1      | Tiocfaidh the Draconian Brigand began the quest for the
                  | Orb.
     0 | D:1      | Reached XP level 1. HP: 17/17 MP: 1/1
   237 | D:1      | Reached skill level 4 in Stealth
   251 | D:1      | Reached XP level 2. HP: 21/25 MP: 2/2
   667 | D:1      | Found a faded altar of an unknown god.
   870 | D:1      | Reached XP level 3. HP: 30/30 MP: 3/3
  1198 | D:2      | Found Taat's Book Shoppe.
  1198 | D:2      | Noticed Terence
  1277 | D:2      | Reached skill level 1 in Dodging
  1341 | D:2      | Reached XP level 4. HP: 31/37 MP: 4/4
  1480 | D:2      | Reached skill level 5 in Stealth
  1551 | D:2      | Killed Terence
  1891 | D:3      | Found a glowing silver altar of Zin.
  2131 | D:3      | Reached XP level 5. HP: 32/44 MP: 5/5
  2889 | D:4      | Noticed a black bear
  2910 | D:4      | Killed a black bear
  2947 | D:4      | Found a staircase to the Ecumenical Temple.
  2977 | D:4      | Noticed an ogre
  2982 | D:4      | Reached XP level 6. HP: 51/51 MP: 6/6
  3076 | D:4      | Found a glowing golden altar of the Shining One.
  3137 | D:4      | Found an ornate altar of the Wu Jian Council.
  3281 | D:4      | Found a glowing drain.
  3285 | Sewer    | Entered a sewer
  3389 | Sewer    | Reached skill level 1 in Shields
  3389 | Sewer    | Your scales start taking on a fiery red colour.
  3389 | Sewer    | Reached XP level 7. HP: 52/57 MP: 7/7
  3389 | Sewer    | Gained mutation: Your flesh is heat resistant. (rF+) [Red
                  | Draconian growth]
  3457 | Sewer    | Found a white marble altar of Elyvilon.
  3550 | D:4      | Found a snail-covered altar of Cheibriados.
  3550 | D:4      | Noticed Menkaure
  3562 | D:4      | Killed Menkaure
  3563 | D:4      | Reached skill level 6 in Stealth
  3641 | Temple   | Entered the Ecumenical Temple
  3812 | Temple   | Became a worshipper of Ashenzari the Shackled
  4103 | D:4      | Identified the +0 mace of Defiance {vamp, +Rage rPois
                  | Dex+3}
  4122 | D:4      | Found a runed translucent door.
  4123 | D:4      | Noticed Crazy Yiuf
  4133 | D:4      | Slain by Crazy Yiuf

Illustrated notes

Levels and vault maps discovered:
D:1:      doesnt_arrival_eight_statues, layout_basic,
          chequers_ecumenical_altar_twisty, minmay_misc_feat_pillars,
          ebering_dispersal_statue_hall, minmay_fountain_box,
          chequers_serial_rivers_small_3, amcnicky_mini_pool_small,
          minmay_bisected
D:2:      layout_rooms, serial_shops, shop, st_stairs_13, uniq_terence
D:3:      minmay_general_purpose_star, layout_basic, zin_statuary,
          grunt_decor_arrowhead
D:4:      layout_loops_ring, nzn_wu_jian_council_hall,
          mainiacjoe_overflow_alcove_2, tso_metal_star,
          minmay_temple_entry_arrows, gup_sewer_entry_bowl,
          nicolae_ossuary_entry_plus, kennysheep_potato,
          uniq_crazy_yiuf_cottage, uniq_menkaure
Temple:   zaba_magenta_temple

Skill      XL: |  1  2  3  4  5  6  7 |
---------------+----------------------+-----
Stealth        | 4 5 6 |  6.1
Dodging        | 1 2 |  2.9
Throwing       | 2 3 |  3.2
Fighting       | 3 |  3.7
Short Blades   | 3 4 |  4.5
Shields        | 1 |  1.2

Action                   |  1- 3 |  4- 6 |  7- 9 || total
-------------------------+-------+-------+-------++-------
Melee: Dagger            |    86 |   190 |    47 ||   323
       Tailslap          |     6 |    16 |     9 ||    31
       Mace              |       |       |     8 ||     8
Throw: Dart              |     4 |    24 |     6 ||    34
  Use: Scroll            |       |       |     4 ||     4
       Potion            |       |       |     1 ||     1
 Stab: Sleeping          |    10 |     6 |     2 ||    18
       Distracted        |       |     1 |       ||     1
Armor: Skin              |     8 |    57 |    10 ||    75
Dodge: Dodged            |    40 |    63 |    16 ||   119
Block: Buckler           |       |    15 |     1 ||    16
